 Dungeon Crawl Stone Soup version 0.29.1-13-g9f3cf754e1 (webtiles) character file.

Game seed: 16005779013717607992

9042 zlionsfan the Thaumaturge (level 11, -9/49 HPs)
             Began as a Spriggan Earth Elementalist on Feb 4, 2023.
             Was an Elder of Vehumet.
             Mangled by a catoblepas (12 damage)
             ... on level 1 of the Lair of Beasts.
             The game lasted 00:59:50 (13151 turns).

zlionsfan the Thaumaturge (SpEE)                   Turns: 13151, Time: 00:59:50

Health: -9/49      AC:  2    Str:  4    XL:     11   Next: 17%
Magic:  6/28       EV: 16    Int: 22    God:    Vehumet [****..]
Gold:   573        SH: 10    Dex: 15    Spells: 10/35 levels left

rFire   . . .      SeeInvis +   B - +6 scimitar (freeze)
rCold   . . .      Faith    .   k - +0 buckler
rNeg    . . .      Spirit   .   a - +0 robe
rPois   .          Reflect  +   (helmet restricted)
rElec   .          Harm     .   w - scarf {shadows}
rCorr   .          Rampage  .   (gloves unavailable)
Will    +....                   (boots unavailable)
Stlth   +++.......              m - amulet of reflection
HPRegen 0.16/turn               c - ring of flight
MPRegen 0.21/turn               u - ring of wizardry

@: flying, very quick
A: very small, no large weapons, unfitting armour, see invisible, speed 3
a: Renounce Religion


You were on level 1 of the Lair of Beasts.
You worshipped Vehumet.
Vehumet was greatly pleased with you.
You visited 3 branches of the dungeon, and saw 12 of its levels.

You collected 573 gold pieces.

Inventory:

Hand Weapons
 v - a +3 falchion of chaos
 B - a +6 scimitar of freezing (weapon)
Missiles
 x - a throwing net
Armour
 a - a +0 robe (worn)
 k - a +0 buckler (worn)
 w - a scarf of shadows (worn)
Jewellery
 c - a ring of flight (left hand)
 m - an amulet of reflection (around neck)
 u - a ring of wizardry (right hand)
 A - a +4 ring of slaying
 J - a ring of protection from cold
Wands
 l - a wand of light (8)
 q - a wand of paralysis (6)
 y - a wand of digging (6)
 C - a wand of mindburst (10)
 H - a wand of flame (13)
Scrolls
 i - 4 scrolls of fog
 n - a scroll of enchant armour {unknown}
 o - 9 scrolls of teleportation
 p - a scroll of vulnerability
 r - 2 scrolls of poison {unknown}
 K - 3 scrolls of immolation {unknown}
 L - a scroll of noise {unknown}
Potions
 b - a potion of magic
 d - 2 potions of haste {unknown}
 e - 2 potions of curing
 f - a potion of ambrosia
 g - 2 potions of cancellation
 h - 2 potions of might
 j - 2 potions of mutation
 s - a potion of resistance {unknown}
 t - 2 potions of brilliance
 z - a potion of attraction {unknown}
 D - a potion of lignification {unknown}
 E - 2 potions of heal wounds {unknown}
 F - a potion of degeneration {unknown}
 G - 2 potions of berserk rage
 I - a potion of invisibility {unknown}


   Skills:
 + Level 1.3 Fighting
 + Level 2.9(4.4) Short Blades
 * Level 3.9(4.2) Long Blades
 + Level 3.4 Dodging
 + Level 5.3 Stealth
 + Level 0.3 Shields
 + Level 12.8 Spellcasting
 + Level 2.6 Conjurations
 + Level 3.4 Transmutations
 * Level 2.5 Fire Magic
 + Level 1.1 Ice Magic
 + Level 1.5 Air Magic
 * Level 8.5 Earth Magic
 * Level 5.2 Poison Magic


You had 10 spell levels left.
You knew the following spells:

 Your Spells              Type           Power      Damage    Failure   Level
a - Sandblast             Erth           100%       2d20      1%          1
b - Sting                 Tmut/Pois      100%       1d8       1%          1
c - Passwall              Tmut/Erth      33%        N/A       1%          2
d - Poisonous Vapours     Pois/Air       56%        N/A       1%          2
e - Stone Arrow           Conj/Erth      76%        3d11      1%          3
f - Mephitic Cloud        Conj/Pois/Air  27%        N/A       1%          3
g - Ignite Poison         Fire/Tmut/Pois 30%        N/A       1%          3
h - Freeze                Ice            76%        1d9       1%          1
i - Foxfire               Conj/Fire      100%       2x1d9     1%          1
j - Inner Flame           Hex/Fire       19%        N/A       2%          3
k - Ensorcelled Hibernat  Hex/Ice        32%        N/A       4%          2
l - Frozen Ramparts       Ice            38%        1d6       2%          3

Your spell library contained the following spells:

 Spells                   Type           Power      Damage    Failure   Level
 Irradiate                Conj/Tmut      13%        3d16      9%          5
 Beastly Appendage        Tmut           58%        N/A       1%          1
 Magic Dart               Conj           100%       1d8       1%          1
 Wereblood                Tmut           29%        N/A       1%          2
 Spider Form              Tmut/Pois      33%        N/A       1%          3
 Olgreb's Toxic Radiance  Pois           37%        N/A       1%          4
 Petrify                  Tmut/Erth      40%        N/A       3%          4
 Call Imp                 Summ           14%        N/A       6%          2
 Swiftness                Air            20%        N/A       6%          3
 Gell's Gravitas          Tloc           14%        N/A       12%         3
 Lesser Beckoning         Tloc           14%        N/A       12%         3
 Teleport Other           Tloc           14%        N/A       12%         3
 Freezing Cloud           Conj/Ice/Air   10%        6-21      14%         5


Dungeon Overview and Level Annotations

Branches:
Dungeon (10/15)            Temple (1/1) D:4            Lair (1/5) D:10
    Orc (0/2) D:10

Altars:
Ashenzari
Cheibriados
Dithmenos
Elyvilon
Fedhas
Gozag
Hepliaklqana
Kikubaaqudgha
Makhleb
Nemelex Xobeh
Okawaru
Qazlal
Ru
Sif Muna
Trog
Uskayaw
Vehumet
Wu Jian
Xom
Yredelemnul
Zin
The Shining One

Portals:
Trove: D:10 (give +2 shadow dragon scales)

Annotations:
D:5 Blork the orc
D:8 Amaemon, Maggie
D:9 2 transporters, mkat's ghost, novice HuFi
D:10 1 runed translucent door
Lair:1 Fannar


Innate Abilities, Weirdness & Mutations

You are very small and have problems with some larger weapons.
You are too small for most types of armour.
You have supernaturally acute eyesight. (SInv)
You cover ground extremely quickly. (Speed+++)


Message History

The catoblepas is engulfed in noxious fumes.
Casting: Stone Arrow (safe; 1% risk of failure)
Confirm with . or Enter, or press ? or * to list all spells.
Aiming: Stone Arrow (safe; 1% risk of failure)
Press: ? - help, Shift-Dir - straight line, f/p - catoblepas
Aim: a catoblepas (moderately wounded, confused, 100% to hit)
The stone arrow hits the catoblepas.
The catoblepas is heavily wounded.
The catoblepas seems less confused.
Casting: Stone Arrow (safe; 1% risk of failure)
Confirm with . or Enter, or press ? or * to list all spells.
Aiming: Stone Arrow (safe; 1% risk of failure)
Press: ? - help, Shift-Dir - straight line, f/p - catoblepas
Aim: a catoblepas (heavily wounded, 100% to hit)
The stone arrow hits the catoblepas!
The catoblepas is heavily wounded.
Casting: Stone Arrow (safe; 1% risk of failure)
Confirm with . or Enter, or press ? or * to list all spells.
Aiming: Stone Arrow (safe; 1% risk of failure)
Press: ? - help, Shift-Dir - straight line, f/p - catoblepas
Aim: a catoblepas (heavily wounded, 100% to hit)
The stone arrow hits the catoblepas!
The catoblepas is severely wounded.
The catoblepas gores you!!
Ouch! That really hurt!
* * * LOW HITPOINT WARNING * * *
The gnoll bouda shouts!
Casting: Stone Arrow (safe; 1% risk of failure)
Confirm with . or Enter, or press ? or * to list all spells.
Aiming: Stone Arrow (safe; 1% risk of failure)
Press: ? - help, Shift-Dir - straight line, f/p - catoblepas
Aim: a catoblepas (severely wounded, 100% to hit)
The stone arrow hits the catoblepas!
The catoblepas is almost dead.
The catoblepas breathes a plume of calcifying dust at you.
The blast of calcifying dust hits you!
* * * LOW HITPOINT WARNING * * *
Your magical contamination has completely faded away.
The catoblepas gores you!
You die...

Y........#
.........#
.....g...##
....[.....#
..........#
..........#
..........##
........Y§§#
.####.###@##
## ###


You could see a catoblepas and a gnoll bouda.

Vanquished Creatures
  A two-headed ogre (D:9)
  A centaur warrior (D:10)
  A manticore (D:10)
  A cane toad (Lair:1)
  A komodo dragon (D:10)
  An unseen horror (D:10)
  A dream sheep (Lair:1)
  A wraith (D:8)
  7 yaks (D:10)
  A steam dragon (D:8)
  4 water moccasins
  2 black bears (D:10)
  5 orc warriors
  2 ice beasts
  2 centaurs
  5 ogres
  A phantom (D:5)
  A kobold brigand (D:8)
  2 gnoll sergeants (D:9)
  2 necrophages
  4 bullfrogs
  3 scorpions
  13 wights
  3 killer bees (Lair:1)
  A howler monkey (D:10)
  A jelly (D:4)
  2 gnoll boudas
  4 hounds
  12 orc priests
  9 orc wizards
  5 iguanas
  20 gnolls
  5 adders
  2 shadow imps (D:6)
  A white imp (D:7)
  An ufetubus (D:6)
  2 worms
  2 dart slugs (D:2)
  51 orcs
  3 ball pythons
  3 endoplasms
  A giant cockroach (D:1)
  A goblin (D:4)
  5 hobgoblins
  9 kobolds
  5 quokkas
  5 bats
  4 frilled lizards
  3 rats
222 creatures vanquished.

Vanquished Creatures (collateral kills)
  5 killer bees (Lair:1)
5 creatures vanquished.

Vanquished Creatures (others)
  A dream sheep (Lair:1)
  2 foxfires (D:9)
  37 fungi
  39 plants
79 creatures vanquished.

Grand Total: 306 creatures vanquished

Notes
Turn   | Place    | Note
-------+----------+-------------------------------------------
     0 | D:1      | zlionsfan the Spriggan Earth Elementalist began the quest
                  | for the Orb.
     0 | D:1      | Reached XP level 1. HP: 9/9 MP: 5/5
   339 | D:1      | Found Wuyheheo's Distillery.
   399 | D:1      | Reached skill level 3 in Spellcasting
   446 | D:1      | Reached XP level 2. HP: 12/13 MP: 4/7
   493 | D:1      | Learned a level 2 spell: Passwall
   658 | D:1      | Learned a level 1 spell: Sting
  1297 | D:2      | Reached XP level 3. HP: 16/16 MP: 5/8
  1764 | D:2      | Reached skill level 1 in Short Blades
  2072 | D:2      | Reached skill level 4 in Spellcasting
  2072 | D:2      | Reached XP level 4. HP: 10/21 MP: 11/11
  2262 | D:2      | Learned a level 2 spell: Poisonous Vapours
  2589 | D:3      | Found a faded altar of an unknown god.
  3100 | D:3      | Reached XP level 5. HP: 10/24 MP: 6/12
  3648 | D:4      | Reached skill level 5 in Spellcasting
  3648 | D:4      | Reached skill level 1 in Poison Magic
  3743 | D:4      | Reached XP level 6. HP: 14/28 MP: 5/14
  4406 | D:4      | Reached skill level 6 in Spellcasting
  4605 | D:4      | Found a shadowy altar of Dithmenos.
  5019 | D:4      | Found a staircase to the Ecumenical Temple.
  5028 | Temple   | Entered the Ecumenical Temple
  5165 | Temple   | Became a worshipper of Vehumet
  5308 | D:4      | Reached XP level 7. HP: 26/32 MP: 11/17
  5580 | D:5      | Entered Level 5 of the Dungeon
  5632 | D:5      | Noticed Blork the orc
  5897 | D:5      | Reached skill level 7 in Spellcasting
  6238 | D:5      | Reached skill level 5 in Earth Magic
  6469 | D:5      | Found a bloodstained altar of Trog.
  6488 | D:5      | Learned a level 3 spell: Stone Arrow
  7134 | D:5      | Reached skill level 8 in Spellcasting
  7134 | D:5      | Reached XP level 8. HP: 34/36 MP: 17/21
  7138 | D:5      | Learned a level 3 spell: Mephitic Cloud
  7142 | D:5      | Learned a level 3 spell: Ignite Poison
  7322 | D:6      | Reached * piety under Vehumet
  7322 | D:6      | Offered knowledge of Freeze by Vehumet.
  7325 | D:6      | Learned a level 1 spell: Freeze
  7442 | D:6      | Found a white marble altar of Elyvilon.
  7562 | D:6      | Reached skill level 9 in Spellcasting
  7736 | D:6      | Reached skill level 5 in Stealth
  7923 | D:6      | Reached skill level 1 in Conjurations
  8198 | D:6      | Reached XP level 9. HP: 39/39 MP: 17/23
  8284 | D:6      | Reached skill level 10 in Spellcasting
  8386 | D:6      | You are sucked into a shaft and drop 1 floor!
  8541 | D:7      | Noticed a red ugly thing
  8592 | D:7      | Found a blossoming altar of Fedhas.
  8631 | D:7      | Reached skill level 1 in Long Blades
  9049 | D:7      | Reached ** piety under Vehumet
  9049 | D:7      | Offered knowledge of Foxfire by Vehumet.
  9265 | D:7      | Found a hide-covered altar of Uskayaw.
  9576 | D:8      | Noticed an orange demon
  9896 | D:8      | Reached skill level 11 in Spellcasting
  9985 | D:8      | Noticed Maggie
 10207 | D:8      | Learned a level 1 spell: Foxfire
 10219 | D:8      | Offered knowledge of Inner Flame by Vehumet.
 10238 | D:8      | Learned a level 3 spell: Inner Flame
 10462 | D:8      | Noticed Amaemon
 10801 | D:9      | Found a sparkling altar of Nemelex Xobeh.
 10824 | D:9      | Learned a level 2 spell: Ensorcelled Hibernation
 10890 | D:9      | Reached *** piety under Vehumet
 10890 | D:9      | Noticed a two-headed ogre
 10907 | D:9      | Killed a two-headed ogre
 10908 | D:9      | Reached XP level 10. HP: 44/44 MP: 13/26
 11147 | D:9      | Noticed mkat's ghost (novice HuFi)
 11150 | D:9      | Found a transporter.
 11188 | D:9      | Found an opulent altar of Gozag.
 11233 | D:9      | Found a transporter.
 11395 | D:10     | Entered Level 10 of the Dungeon
 11462 | D:10     | Found a staircase to the Lair.
 11473 | D:10     | Found a portal to a secret trove of treasure.
 11481 | D:10     | Offered knowledge of Frozen Ramparts by Vehumet.
 11483 | D:10     | Reached skill level 1 in Fighting
 11484 | D:10     | Reached skill level 1 in Fire Magic
 11618 | D:10     | Reached skill level 12 in Spellcasting
 11754 | D:10     | Learned a level 3 spell: Frozen Ramparts
 11954 | D:10     | Found a snail-covered altar of Cheibriados.
 12042 | D:10     | Noticed a manticore
 12044 | D:10     | Noticed a centaur warrior
 12047 | D:10     | Killed a manticore
 12050 | D:10     | Killed a centaur warrior
 12051 | D:10     | Reached skill level 5 in Poison Magic
 12141 | D:10     | Found a staircase to the Orcish Mines.
 12143 | D:10     | Reached **** piety under Vehumet
 12188 | D:10     | Found an ornate altar of the Wu Jian Council.
 12201 | D:10     | Reached skill level 1 in Ice Magic
 12475 | D:10     | Found a glowing golden altar of the Shining One.
 12694 | D:10     | Offered knowledge of Irradiate by Vehumet.
 12706 | D:10     | Reached XP level 11. HP: 49/49 MP: 16/28
 12787 | D:10     | Found a runed translucent door.
 12901 | Lair:1   | Entered Level 1 of the Lair of Beasts
 12960 | Lair:1   | Noticed Fannar
 12997 | Lair:1   | Reached skill level 1 in Air Magic
 13006 | Lair:1   | Noticed a catoblepas
 13151 | Lair:1   | Mangled by a catoblepas

Illustrated notes

Levels and vault maps discovered:
D:1:      ncdulo_wetmaze, layout_loops_ring, serial_shops,
          nicolae_shop_hallway_stairs
D:2:      layout_basic
D:3:      layout_loops_ring, serial_rivers, chequers_serial_rivers_large_b,
          chequers_serial_rivers_small_b, chequers_serial_rivers_micro_c,
          chequers_serial_rivers_marsh, chequers_serial_rivers_small_3,
          shapermc_ecumenical_altar_pompeii
D:4:      layout_loops_corners, lemuel_coloured_pillars_altar, temple_hall,
          cheibrodos_gnoll_hut
D:5:      layout_loops_corners, mainiacjoe_overflow_six_doors_small,
          kennysheep_generic_room_9, uniq_blork_the_orc
D:6:      layout_basic, mainiacjoe_overflow_chevrons, serial_bayou_pond_c
D:7:      layout_loops_ring, mainiacjoe_overflow_alcove_2,
          mainiacjoe_overflow_catwalk
D:8:      layout_basic, uniq_maggie, uniq_amaemon
D:9:      layout_long_grid, nicolae_gozag_seed_capital,
          nemelex_spade_bored_becter, gammafunk_ghost_hive
D:10:     layout_stronghold, mainiacjoe_overflow_alcove_4, tso_altar,
          lemuel_doored_altar, due_lair_maze_entry_diamond, david_orc_5,
          enter_trove_1, minivault_20, minivault_23, lightli_church_of_beogh
Temple:   nicolae_temple_slightly_damp_pantheon
Lair:1:   layout_cave_pods, special_room [special_room_bee],
          dreamdust_gnoll_shepherd, infiniplex_staircase_pool,
          grunt_megastairs_2, uniq_fannar, uniq_harold

Skill      XL: |  1  2  3  4  5  6  7  8  9 10 11 |
---------------+----------------------------------+-----
Spellcasting   | 3 4 5 6 8 9 11 12 | 12.8
Earth Magic    | 3 4 5 6 7 8 |  8.5
Short Blades   | 1 2 |  2.9
Stealth        | 4 5 |  5.3
Poison Magic   | 1 2 3 4 5 |  5.2
Transmutations | 2 3 |  3.4
Conjurations   | 1 2 |  2.6
Long Blades    | 2 3 |  3.9
Dodging        | 3 |  3.4
Fighting       | 1 |  1.3
Fire Magic     | 2 |  2.5
Ice Magic      | 1 |  1.1
Air Magic      | 1 |  1.5
Shields        | |  0.3

Action                   |  1- 3 |  4- 6 |  7- 9 | 10-12 || total
-------------------------+-------+-------+-------+-------++-------
Melee: Dagger            |     4 |       |       |       ||     4
       Short sword       |    15 |    19 |     4 |       ||    38
       Falchion          |       |       |    17 |       ||    17
       Scimitar          |       |       |     2 |    19 ||    21
       Punch             |       |       |     1 |       ||     1
 Cast: Sandblast         |    26 |    54 |   114 |    48 ||   242
       Sting             |     9 |    25 |    20 |     4 ||    58
       Stone Arrow       |       |       |    66 |    30 ||    96
       Freeze            |       |       |     7 |     2 ||     9
       Mephitic Cloud    |       |       |     7 |    22 ||    29
       Ignite Poison     |       |       |     1 |     6 ||     7
       Foxfire           |       |       |     1 |       ||     1
       Ensorcelled Hiber |       |       |       |     1 ||     1
Evoke: Wand              |       |       |     1 |       ||     1
  Use: Scroll            |     5 |     2 |     7 |     2 ||    16
       Potion            |     1 |     1 |       |       ||     2
 Stab: Sleeping          |     8 |     4 |     4 |       ||    16
       Invisible         |       |       |     1 |       ||     1
Armor: Robe              |     3 |     2 |     2 |     3 ||    10
Dodge: Dodged            |    23 |    14 |    34 |    36 ||   107
Block: Other             |       |     9 |     8 |       ||    17
       Buckler           |       |       |     1 |    17 ||    18
       Reflection        |       |       |     1 |     1 ||     2
